 Dungeon Crawl Stone Soup version 0.22.1 (webtiles) character file.

9 Heatsaber the Charmwright (level 2, -2/15 HPs)
             Began as a Vine Stalker Skald on Sept 19, 2018.
             Slain by a leopard gecko (3 damage)
             ... on level 1 of the Dungeon.
             The game lasted 00:03:00 (163 turns).

Heatsaber the Charmwright (Vine Stalker Skald)       Turns: 163, Time: 00:03:01

Health: -2/15      AC:  3    Str: 13    XL:     2   Next: 16%
Magic:  0/6        EV: 11    Int: 13    God:
Gold:   7          SH:  0    Dex: 13    Spells: 4/5 levels left

rFire    . . .     SeeInvis .   a - +0 hand axe
rCold    . . .     Gourm    .   (no shield)
rNeg     . . .     Faith    .   b - +0 leather armour
rPois    .         Spirit   +   (no helmet)
rElec    .         Reflect  .   (no cloak)
rCorr    .         Harm     .   (no gloves)
MR       .....                  (no boots)
Stlth    +.........             (no amulet)
HPRegen  0.05/turn              (no ring)
MPRegen  0.10/turn              (no ring)

@: no status effects
A: fangs 2, magic shield, antimagic bite, no potion heal 3, rot immunity
a: no special abilities


You were on level 1 of the Dungeon.
You were not hungry.

You visited 1 branch of the dungeon, and saw 1 of its levels.

You collected 7 gold pieces.

Inventory:

Hand Weapons
 a - a +0 hand axe (weapon)
Armour
 b - a +0 leather armour (worn)
Scrolls
 e - a scroll of teleportation {unknown}
 g - a scroll of remove curse {unknown}
Potions
 f - a potion of resistance {unknown}
Comestibles
 c - 5 chunks of flesh
 d - a ration


   Skills:
 - Level 1.7 Fighting
 * Level 2.2 Axes
 - Level 0.7 Armour
 - Level 1.5 Dodging
 - Level 2.1 Spellcasting
 + Level 3.2 Charms


You had 4 spell levels left.
You knew the following spells:

 Your Spells              Type           Power        Failure   Level  Hunger
a - Infusion              Chrm           #...         9%          1    ##.....

Your spell library contained the following spells:

 Spells                   Type           Power        Failure   Level  Hunger
 Song of Slaying          Chrm           #.......     13%         2    ###....
 Shroud of Golubria       Chrm/Tloc      #.........   24%         2    ###....
 Regeneration             Chrm/Necr      #.........   43%         3    ####...
 Spectral Weapon          Hex/Chrm       #.......     43%         3    ####...


Dungeon Overview and Level Annotations

Branches:
Dungeon (1/15)

Altars:


Innate Abilities, Weirdness & Mutations

You have extremely sharp teeth.
When hurt, damage is shared between your health and your magic reserves.
Your bite disrupts and absorbs the magic of your enemies.
Potions cannot restore your health.
You are immune to rotting.


Message History

* * * LOW HITPOINT WARNING * * *
The leopard gecko closely misses you. The leopard gecko closely misses you.
You see here a rat corpse.
The leopard gecko misses you. The leopard gecko barely misses you.
The frilled lizard closely misses you.
You closely miss the leopard gecko. You hit the frilled lizard.
You kill the frilled lizard!
The leopard gecko barely misses you. The leopard gecko closely misses you.
You hit the leopard gecko but do no damage.
The leopard gecko bites you.
* * * LOW HITPOINT WARNING * * *
You miss the leopard gecko. The leopard gecko misses you.
The leopard gecko barely misses you.
You barely miss the leopard gecko.
You bite the leopard gecko, but do no damage.
The leopard gecko closely misses you.
You barely miss the leopard gecko. The leopard gecko bites you. x2
You die...

##.....## ##.......## #.........#
#.........#########
######.)..)....##......#
....##.........##......# #######
....##.........##......# #......
....###.......###......####......
.)..##........Kl@)........K......
..)...........K##......####......
...............##.)....####......
..##..##.....K.##......#.........
..##..##......K########.†##......
##..##..##....### ###.###......
##..##..##.....?#####K..# #......
..##.<##....#...K.#.K.### #####.#
..##..##..#......K#.#### #.#


You could see a leopard gecko and 2 kobolds.

Vanquished Creatures
  A dart slug (D:1)
  A ball python (D:1)
  A hobgoblin (D:1)
  A bat (D:1)
  A frilled lizard (D:1)
  3 goblins (D:1)
  A rat (D:1)
9 creatures vanquished.

Notes
Turn   | Place    | Note
-------+----------+-------------------------------------------
     0 | D:1      | Heatsaber the Vine Stalker Skald began the quest for the
                  | Orb.
     0 | D:1      | Reached XP level 1. HP: 11/11 MP: 4/4
    72 | D:1      | Reached XP level 2. HP: 11/15 MP: 4/6
   163 | D:1      | Slain by a leopard gecko

Skill      XL: |  1 |
---------------+----+-----
Axes           | 2 |  2.2
Fighting       | |  1.7
Armour         | |  0.7
Dodging        | |  1.5
Spellcasting   | |  2.1
Charms         | |  3.2

Action                   || total
-------------------------++-------
Melee: Hand axe          ||    27
       Bite              ||     1
Armor: Leather armour    ||     7
Dodge: Dodged            ||    25
